 Dungeon Crawl Stone Soup version 0.32-a0-768-g0f6f1dd4b9 (webtiles) character file.

Game seed: 4547727678321118378

13377 smashvw the Covert (level 11, -19/58 HPs)
             Began as a Felid Summoner on Mar 18, 2024.
             Was a Follower of Kikubaaqudgha.
             Hit by a javelin thrown by Urug (28 damage)
             ... on level 10 of the Dungeon on Mar 19, 2024.
             The game lasted 00:36:17 (11240 turns).

smashvw the Covert (Felid Summoner)                Turns: 11240, Time: 00:36:18

Health: -19/58     AC:  2    Str:  4    XL:     11   Next: 74%
Magic:  13/23      EV: 22    Int: 30    God:    Kikubaaqudgha [*.....]
Gold:   754        SH:  0    Dex: 16    Spells: 10/25 levels left
                                        Lives:  0   Deaths: 4

rFire   . . .        (weapon unavailable)
rCold   . . .        (shield unavailable)
rNeg    . . .        (body armour unavailable)
rPois   .            (helmet unavailable)
rElec   .            (cloak unavailable)
rCorr   +            (gloves unavailable)
SInv    +            (boots unavailable)
Will    +....        (no amulet)
Stlth   ++++         k - ring of resist corrosion
HPRegen 0.29/turn    E - +6 ring of intelligence
MPRegen 0.18/turn

%: no passive effects
@: no status effects
A: very small, claws 1, fangs 3, see invisible, shaggy fur 2, stealthy paws, no
weapons or thrown items, no armour, multi-lived
a: Renounce Religion, Unearth Wretches


You were on level 10 of the Dungeon.
You worshipped Kikubaaqudgha.
Kikubaaqudgha was aware of your devotion.
You visited 2 branches of the dungeon, and saw 11 of its levels.

You collected 754 gold pieces.

Inventory:

Jewellery
 j - a ring of positive energy
 k - a ring of resist corrosion (left paw)
 E - a +6 ring of intelligence (right paw)
 G - a ring of willpower
Wands
 r - a wand of light (9)
 s - a wand of flame (23)
 t - a wand of digging (7)
 x - a wand of mindburst (7)
 A - a wand of polymorph (22)
Scrolls
 d - 2 scrolls of poison
 h - 2 scrolls of enchant weapon
 l - 2 scrolls of brand weapon
 m - 2 scrolls of immolation
 n - a scroll of vulnerability
 o - 3 scrolls of fear
 p - a scroll of silence
 q - 4 scrolls of blinking {unknown}
 u - a scroll of fog {unknown}
 v - 4 scrolls of revelation {unknown}
 w - 2 scrolls of noise {unknown}
 y - a scroll of torment {unknown}
 F - a scroll of enchant armour {unknown}
Potions
 a - a potion of magic
 b - 3 potions of might
 c - 3 potions of curing
 e - 4 potions of degeneration
 f - 2 potions of enlightenment
 g - a potion of brilliance {unknown}
 i - 2 potions of mutation {unknown}
 z - 2 potions of heal wounds {unknown}
 B - a potion of invisibility {unknown}
 D - 2 potions of attraction {unknown}
Miscellaneous
 C - a phial of floods


   Skills:
 + Level 7.2 Fighting
 - Level 10.0 Dodging
 - Level 10.0 Stealth
 + Level 7.8 Spellcasting
 + Level 9.1 Summonings
 - Level 5.0 Fire Magic
 + Level 6.4 Air Magic


You had 10 spell levels left.
You knew the following spells:

 Your Spells              Type           Power      Damage    Failure   Level
a - Summon Small Mammal   Summ           100%       N/A       1%          1
b - Call Canine Familiar  Summ           61%        N/A       1%          3
c - Summon Blazeheart Go  Fire/Summ      52%        N/A       2%          4
d - Summon Lightning Spi  Summ/Air       55%        N/A       1%          4
e - Swiftness             Air            50%        N/A       1%          3

Your spell library contained the following spells:

 Spells                   Type           Power      Damage    Failure   Level
 Call Imp                 Summ           100%       N/A       1%          2
 Mercury Vapours          Alch/Air       62%        N/A       1%          2
 Static Discharge         Conj/Air       62%        3-6/arc   1%          2
 Cigotuvi's Dreadful Rot  Necr/Alch/Air  48%        N/A       2%          2
 Airstrike                Air            25%        2d(4-20)  3%          4
 Necrotise                Necr           44%        1d6       4%          1
 Inner Flame              Hex/Fire       26%        N/A       4%          3
 Mephitic Cloud           Conj/Alch/Air  24%        N/A       5%          3
 Ensorcelled Hibernation  Hex/Ice        22%        N/A       7%          2
 Fugue of the Fallen      Necr           11%        N/A       13%         3
 Ozocubu's Armour         Ice            11%        N/A       13%         3
 Passwall                 Erth           11%        N/A       13%         3
 Vampiric Draining        Necr           11%        2d6       13%         3
 Flame Wave               Conj/Fire      26%        2d8       16%         4
 Sticky Flame             Fire/Alch      26%        2d6       16%         4
 Manifold Assault         Tloc           11%        N/A       41%         4
 Freezing Cloud           Conj/Ice/Air   12%        6-21      45%         5
 Haunt                    Necr/Summ      19%        N/A       99%         7


Dungeon Overview and Level Annotations

Branches:
Dungeon (10/15)            Temple (1/1) D:6             Orc (0/2) D:9
   Lair: D:8-11

Altars:
Ashenzari
Cheibriados
Dithmenos
Elyvilon
Fedhas
Gozag
Hepliaklqana
Kikubaaqudgha
Makhleb
Nemelex Xobeh
Qazlal
Ru
Sif Muna
Trog
Uskayaw
Vehumet
Wu Jian
Xom
Yredelemnul
Zin
The Shining One

Shops:
D:8 :   D:9 (

Annotations:
D:8 3 runed translucent doors
D:10 Urug


Innate Abilities, Weirdness & Mutations

You have sharp claws.
You have razor-sharp teeth.
You have supernaturally acute eyesight. (SInv)
You are covered in thick fur. (AC +2)
Your paws help you pounce on unaware monsters.
You are incapable of wielding weapons or throwing items.
You cannot wear armour.
You gain extra lives every three experience levels.


Message History

The bolt of electricity misses the yak.
The yak closely misses you.
Casting: Summon Blazeheart Golem (dangerous; 2% risk of failure)
Confirm with . or Enter, or press ? or * to list all spells.
A fiery spirit appears, bound in slag iron.
Your lightning spire disappears in a puff of smoke!
The yak gores you!
Your blazeheart golem punches the yak!
The yak barely misses your blazeheart golem.
The yak gores your blazeheart golem but does no damage.
Your blazeheart golem punches the yak!
The yak dies!
Kikubaaqudgha accepts your kill.
Your blazeheart golem disappears in a puff of smoke!
Urug the Orcish Ballista comes into view.
She is wielding a +2 eveningstar of draining.
Casting: Summon Blazeheart Golem (dangerous; 2% risk of failure)
Confirm with . or Enter, or press ? or * to list all spells.
A fiery spirit appears, bound in slag iron.
Urug shouts!
Urug hits your blazeheart golem with a +2 eveningstar of draining.
Your blazeheart golem punches Urug!
Urug winks... or blinks.
Urug throws a javelin.
The javelin pierces through your blazeheart golem!!
The javelin pierces through you!!
Urug hits your blazeheart golem with a +2 eveningstar of draining!!
Your blazeheart golem falls apart, revealing its core!
Your blazeheart core explodes!
The fiery explosion engulfs Urug!!
Urug is engulfed in blazing flames.
Urug is engulfed in blazing flames.
Urug throws a javelin.
The javelin pierces through you!!
Ouch! That really hurt!
* * * LOW HITPOINT WARNING * * *
Casting: Summon Blazeheart Golem (dangerous; 2% risk of failure)
Confirm with . or Enter, or press ? or * to list all spells.
A fiery spirit appears, bound in slag iron.
Urug throws a javelin.
The javelin pierces through you!!
You die...
Urug says, "One more harpy dead."
Kikubaaqudgha rasps: You have failed me!
Welcome... death!

#.# #.# #.##
#..# ##># #.#
#.# ######.##
...####...@..(#
#............#
######°○o..9.#
#○.○....#
##○###### #..#
##.## #..##
##..#


You could see Urug (ally target) and a friendly blazeheart golem (summoned).

Vanquished Creatures
  A hydra (D:8)
  A centaur warrior (D:8)
  A two-headed ogre (D:10)
  Amaemon (D:8)
  Lodul (D:10)
  2 ugly things (D:8)
  A cyclops (D:9)
  Joseph (D:8)
  An orange demon (D:8)
  A kobold demonologist (D:9)
  A troll (D:9)
  A slime creature (D:8)
  A wyvern (D:8)
  11 yaks
  3 vampires
  A steam dragon (D:9)
  An acid dragon (D:8)
  2 nameless horrors
  2 orc warriors
  A black bear (D:7)
  2 centaurs
  6 ogres
  4 kobold brigands
  2 bullfrogs
  A gnoll sergeant (D:9)
  2 howler monkeys
  2 gnoll boudas
  An orc priest (D:6)
  An iguana (D:5)
  2 orc wizards
  5 gnolls
  10 orcs
  An endoplasm (D:4)
  A quokka (D:1)
  2 bats
  2 kobolds
  3 rats
82 creatures vanquished.

Vanquished Creatures (collateral kills)
  A two-headed ogre (D:8)
  A wraith (D:10)
  5 yaks
  A wyvern (D:9)
  2 orc warriors (D:9)
  2 nameless horrors
  4 ogres (D:10)
  A boggart (shapeshifter) (D:8)
  A phantom (D:4)
  A centaur (D:9)
  3 kobold brigands
  3 bullfrogs
  2 gnoll sergeants
  2 scorpions
  A wight (D:8)
  4 orc priests
  2 bombardier beetles (D:5)
  3 hounds
  3 jellies
  2 sleepcaps
  8 orc wizards
  19 gnolls
  10 adders
  A dart slug (D:1)
  A ribbon worm (D:2)
  42 orcs
  3 ball pythons
  8 endoplasms
  2 giant cockroaches (D:2)
  7 goblins
  4 hobgoblins
  2 jackals (D:5)
  5 quokkas
  5 bats
  3 frilled lizards
  25 kobolds
  4 rats
193 creatures vanquished.

Vanquished Creatures (others)
  56 blazeheart cores
56 creatures vanquished.

Grand Total: 331 creatures vanquished

Notes
Turn   | Place    | Note
-------+----------+-------------------------------------------
     0 | D:1      | smashvw the Felid Summoner began the quest for the Orb.
     0 | D:1      | Reached XP level 1. HP: 9/9 MP: 4/4
   193 | D:1      | Reached XP level 2. HP: 12/13 MP: 3/6
   262 | D:1      | Found a faded altar of an unknown god.
   718 | D:1      | Reached XP level 3. HP: 16/16 MP: 4/8
   722 | D:1      | Learned a level 3 spell: Call Canine Familiar
  1289 | D:2      | Reached XP level 4. HP: 21/21 MP: 3/9
  1289 | D:2      | Gained a life (2 lives remaining)
  1294 | D:2      | Learned a level 4 spell: Summon Blazeheart Golem
  1661 | D:3      | Reached skill level 5 in Summonings
  1724 | D:3      | Reached skill level 1 in Fire Magic
  1801 | D:3      | Reached XP level 5. HP: 24/24 MP: 6/11
  2314 | D:3      | HP: 1/24 [orc wizard/+0 dagger (5)]
  2322 | D:3      | Gained mutation: You are covered in thick fur. (AC +2)
                  | [Felid growth]
  2322 | D:3      | Reached XP level 6. HP: 2/28 MP: 3/13
  2327 | D:3      | Learned a level 4 spell: Summon Lightning Spire
  2448 | D:3      | Found a basalt altar of Yredelemnul.
  2452 | D:3      | Noticed a nameless horror
  2462 | D:3      | Killed a nameless horror
  3390 | D:4      | Reached skill level 1 in Air Magic
  3543 | D:4      | Reached skill level 1 in Fighting
  3725 | D:4      | Noticed a nameless horror
  3734 | D:4      | Reached XP level 7. HP: 26/33 MP: 0/14
  3736 | D:4      | Killed a nameless horror
  4002 | D:4      | Noticed a nameless horror
  4388 | D:4      | Found a broken altar of Ashenzari.
  4554 | D:5      | Entered Level 5 of the Dungeon
  4617 | D:5      | Killed a nameless horror
  5154 | D:5      | Found a glowing golden altar of the Shining One.
  5690 | D:6      | Reached XP level 8. HP: 39/39 MP: 6/15
  6203 | D:6      | Reached skill level 5 in Stealth
  6321 | D:6      | Found a staircase to the Ecumenical Temple.
  6337 | Temple   | Entered the Ecumenical Temple
  6466 | D:7      | Found a hide-covered altar of Uskayaw.
  6467 | D:7      | Reached skill level 5 in Dodging
  6513 | D:7      | Noticed a +0 dagger
  6517 | D:7      | Noticed a +0 hand axe
  6820 | D:7      | Reached skill level 5 in Spellcasting
  7017 | D:7      | Found a radiant altar of Vehumet.
  7286 | D:8      | Noticed Joseph
  7455 | D:8      | Slain by a gnoll
  7455 | D:8      | Lost a life (1 life remaining)
  7456 | D:8      | Found a blossoming altar of Fedhas.
  7456 | D:8      | Found a white marble altar of Elyvilon.
  7469 | D:8      | Noticed Amaemon
  7477 | D:8      | Noticed an orange demon
  7485 | D:8      | Killed Amaemon
  7486 | D:8      | Reached XP level 9. HP: 44/45 MP: 7/18
  7486 | D:8      | Gained a life (2 lives remaining)
  7499 | D:8      | Slain by an orange demon
  7499 | D:8      | Lost a life (1 life remaining)
  7500 | D:8      | Found a snail-covered altar of Cheibriados.
  7625 | D:8      | Killed an orange demon
  7717 | D:8      | HP: 1/45 [Joseph/sling bullet (23)]
  7728 | D:8      | Killed Joseph
  7742 | D:8      | Noticed a two-headed ogre
  7746 | D:8      | Demolished by a two-headed ogre
  7746 | D:8      | Lost a life (0 lives remaining)
  7959 | D:8      | Reached XP level 10. HP: 51/51 MP: 12/20
  7959 | D:8      | Gained a life (1 life remaining)
  8100 | D:8      | Killed a two-headed ogre
  8101 | D:8      | Reached skill level 5 in Fighting
  8101 | D:8      | Reached skill level 5 in Fire Magic
  8393 | D:8      | Found a runed translucent door.
  8414 | D:8      | Noticed a centaur warrior
  8415 | D:8      | Found a runed translucent door.
  8415 | D:8      | Noticed a seven-headed hydra
  8424 | D:8      | Killed a centaur warrior
  8447 | D:8      | Noticed a five-headed hydra
  8457 | D:8      | HP: 1/51 [five-headed hydra (2)]
  8457 | D:8      | Slain by a five-headed hydra
  8457 | D:8      | Lost a life (0 lives remaining)
  8503 | D:8      | Found Tafagim's Self-Published Books.
  8585 | D:8      | Killed a five-headed hydra
  8666 | D:8      | Noticed a salamander
  8739 | D:8      | Found a runed translucent door.
  8739 | D:8      | Noticed a black mamba
  8743 | D:8      | Noticed a brown ugly thing
  8743 | D:8      | Noticed a green ugly thing
  8754 | D:8      | Reached skill level 5 in Air Magic
  8754 | D:8      | Killed a green ugly thing
  8761 | D:8      | Killed a brown ugly thing
  8819 | D:8      | Identified the +5 falchion of True Grit {antimagic, rC-
                  | Will+ Int+3}
  8821 | D:8      | Got the Handbook of the Flock and Hoarfrost
  8954 | D:9      | Found a staircase to the Orcish Mines.
  8976 | D:9      | Reached XP level 11. HP: 38/56 MP: 12/22
  9245 | D:9      | Found an opulent altar of Gozag.
  9593 | D:9      | Found Oquqimou's Weapon Shop.
  9848 | D:9      | Found an ancient bone altar of Kikubaaqudgha.
  9855 | D:9      | Became a worshipper of Kikubaaqudgha
  9946 | D:9      | Learned a level 3 spell: Swiftness
 10086 | D:9      | Identified the +6 sling "Guxkyen" {speed, ^Drain rPois
                  | Str+4 Int+7}
 10765 | D:10     | Entered Level 10 of the Dungeon
 10814 | D:10     | Noticed Lodul
 10823 | D:10     | Killed Lodul
 10828 | D:10     | Reached skill level 10 in Stealth
 10933 | D:10     | Noticed a two-headed ogre
 10938 | D:10     | Killed a two-headed ogre
 10938 | D:10     | Reached * piety under Kikubaaqudgha
 10938 | D:10     | Received a gift from Kikubaaqudgha
 11181 | D:10     | Reached skill level 10 in Dodging
 11232 | D:10     | Noticed Urug
 11240 | D:10     | Hit by a javelin thrown by Urug

Illustrated notes

Levels and vault maps discovered:
D:1:      dpeg_arrival_water_fire, layout_rooms,
          shapermc_ecumenical_altar_mp_ritualfount
D:2:      layout_basic
D:3:      layout_basic, yredelemnul_altar_generic, hellmonk_no_cap
D:4:      layout_basic, ashenzari_conservatory_becter
D:5:      layout_gridville, tso_oasis_becter, minmay_misc_feat_secret_circle,
          nicolae_elevator_lobby_plus
D:6:      layout_rooms, minmay_temple_entry_grid, small_statue_intersection
D:7:      layout_gridville, dancing_weapons_uskayaw, vehumet_altar_wand_db,
          serial_park_tiny_2, dk_noncrumbling_3
D:8:      minmay_the_grid_triangle_9x9_rhombus_thin
          [minmay_the_grid_triangle_9x9_warning,
          minmay_the_grid_triangle_9x9_prize_insulated,
          minmay_the_grid_triangle_9x9_semitri,
          minmay_the_grid_triangle_9x9_fully_insulated_deathbox], layout_rooms,
          cheibriados_altar_1, gammafunk_temple_overflow_pools,
          nicolae_custom_books, uniq_amaemon, uniq_joseph
D:9:      layout_basic, nicolae_overflow_crystal_walls,
          nicolae_kikubaaqudgha_miasma_corner, erik_orc_3, serial_shops,
          nicolae_take_the_stairs
D:10:     layout_roguey, okawaru_humans, uniq_lodul, uniq_urug
Temple:   hellmonk_temple_of_storms

Skill      XL: |  1  2  3  4  5  6  7  8  9 10 11 |
---------------+----------------------------------+-----
Spellcasting   | 3 4 5 6 7 |  7.8
Summonings     | 5 6 7 8 9 |  9.1
Fire Magic     | 1 2 3 4 5 |  5.0
Stealth        | 3 4 6 7 9 10 | 10.0
Dodging        | 3 4 5 7 8 10 | 10.0
Air Magic      | 1 2 3 4 5 6 |  6.4
Fighting       | 1 2 3 4 6 7 |  7.2

Action                     |  1- 3 |  4- 6 |  7- 9 | 10-12 || total
---------------------------+-------+-------+-------+-------++-------
  Melee: Unarmed           |    16 |    37 |     7 |    12 ||    72
         Bite              |       |     5 |       |       ||     5
   Cast: Summon Small Mamm |    36 |    29 |     8 |     1 ||    74
         Call Canine Famil |     5 |    16 |     2 |     1 ||    24
         Summon Blazeheart |       |    10 |    40 |    50 ||   100
         Summon Lightning  |       |       |    20 |    28 ||    48
    Use: Scroll            |       |       |     3 |     9 ||    12
         Potion            |       |       |     3 |     1 ||     4
   Stab: Distracted        |       |     1 |       |       ||     1
         Betrayed ally     |       |       |       |     1 ||     1
 Armour: Skin              |     7 |    36 |    50 |    50 ||   143
  Dodge: Dodged            |    21 |    51 |   118 |    76 ||   266

Table legend: (Time is in decaauts)
 A = Elapsed time spent in this place.
 B = Non-inter-level travel time spent in this place.
 C = Inter-level travel time spent in this place.
 D = Time resting spent in this place.
 E = Time spent auto-exploring this place.
 F = Levels seen in this place.
 G = Mean time per level.
                   A        B        C        D        E       F      G
               +--------+--------+--------+--------+--------+-----+--------+
         Total |  11238 |  10936 |    302 |    665 |   8202 |  11 | 1021.6 |
       Dungeon |  11219 |  10926 |    293 |    665 |   8202 |  10 | 1121.9 |
        Temple |     19 |     10 |      9 |      0 |      0 |   1 |   19.0 |
               +--------+--------+--------+--------+--------+-----+--------+

Top non-repeatable levels by time:
     D:9: 1881 daAuts
     D:3: 1713 daAuts
     D:8: 1443 daAuts
     D:4: 1198 daAuts
     D:5: 1022 daAuts
     D:7: 990 daAuts
     D:6: 853 daAuts
     D:1: 834 daAuts
     D:2: 807 daAuts
    D:10: 474 daAuts
  Temple: 19 daAuts
